 Dungeon Crawl Stone Soup version 0.29.1-13-g9f3cf754e1 (webtiles) character file.

Game seed: 17475133097398789447

101098 cheesebisquit the Severer (level 15, -3/129 HPs)
             Began as a Minotaur Fighter on Jan 20, 2023.
             Was an Elder of Okawaru.
             Slain by an orc knight
             ... wielding a +0 bardiche
              (27 damage)
             ... on level 2 of the Orcish Mines on Jan 21, 2023.
             The game lasted 01:49:56 (32757 turns).

cheesebisquit the Severer (Minotaur Fighter)       Turns: 32757, Time: 01:49:57

Health: -3/129     AC: 34    Str: 31    XL:     15   Next: 82%
Magic:  0/20       EV: 12    Int: 10    God:    Okawaru [****..]
Gold:   1104       SH:  0    Dex: 14    Spells: 14/14 levels left

rFire   + . .      SeeInvis +   a - +11 battleaxe of Ecso {speed, Str+5 Dex+4}
rCold   . . .      Faith    .   (shield currently unavailable)
rNeg    + . .      Spirit   +   Q - +5 chain mail of Xaablay {Rampage Fly rN+ Will-}
rPois   .          Reflect  .   N - +2 hat {SInv}
rElec   .          Harm     .   E - +2 cloak {Stlth+}
rCorr   +          Rampage  +   r - +2 pair of gloves of Curiosity {Int+3 SInv}
Will    .....                   n - +2 pair of boots
Stlth   +.........              S - amulet of guardian spirit
HPRegen 0.31/turn               L - ring of protection from fire
MPRegen 0.17/turn               c - ring of resist corrosion

@: heroic, flying
A: horns 2, retaliatory headbutt, frail 1
a: Renounce Religion, Heroism, Finesse


You were on level 2 of the Orcish Mines.
You worshipped Okawaru.
Okawaru was greatly pleased with you.
You visited 4 branches of the dungeon, and saw 23 of its levels.
You visited the Abyss 1 time.
You also visited: Volcano.

You collected 2744 gold pieces.
You spent 1640 gold pieces at shops.

Inventory:

Hand Weapons
 a - the +11 battleaxe of Ecso (weapon) {speed, Str+5 Dex+4}
   (Okawaru gifted it to you on level 2 of the Abyss)

   Attacks with this weapon are significantly faster.
   Str:       It affects your strength (+5).
   Dex:       It affects your dexterity (+4).
 b - a +2 vorpal great mace
 P - a +0 broad axe
 R - a +0 flail of protection
Missiles
 d - 5 boomerangs
 h - 141 stones (quivered)
 l - 2 silver javelins
 o - 3 curare-tipped darts
 u - 13 poisoned darts
 O - 4 atropa-tipped darts
Armour
 n - a +2 pair of boots (worn)
 r - the +2 pair of gloves of Curiosity (worn) {Int+3 SInv}
   (Okawaru gifted it to you on level 1 of the Lair of Beasts)

   Int:       It affects your intelligence (+3).
   SInv:      It lets you see invisible.
 E - a +2 cloak of stealth (worn)
 M - a +1 plate armour of poison resistance
 N - a +2 hat of see invisible (worn)
 Q - the +5 chain mail of Xaablay (worn) {Rampage Fly rN+ Will-}
   (Okawaru gifted it to you on level 3 of the Lair of Beasts)

   rN:        It protects you from negative energy.
   Fly:       It grants you flight.
   Rampage:   It bestows one free step when moving towards enemies.
   Will:      It decreases your willpower.
 U - a +0 cloak of fire resistance
Jewellery
 c - a ring of resist corrosion (right hand)
 L - a ring of protection from fire (left hand)
 S - an amulet of guardian spirit (around neck)
 Z - a ring of wizardry
Wands
 f - a wand of digging (15)
 x - a wand of light (11)
 C - a wand of flame (30)
 I - a wand of polymorph (7)
 X - a wand of mindburst (3)
Scrolls
 j - 6 scrolls of teleportation
 k - 4 scrolls of fog
 q - 2 scrolls of vulnerability
 v - 2 scrolls of silence
 w - 3 scrolls of magic mapping
 y - a scroll of summoning {unknown}
 z - 4 scrolls of immolation
 A - 5 scrolls of blinking
 G - 2 scrolls of fear
 K - 2 scrolls of amnesia {unknown}
 V - a scroll of enchant armour
 W - 2 scrolls of poison {unknown}
Potions
 e - 12 potions of mutation
 g - 3 potions of lignification
 i - 5 potions of berserk rage
 m - 3 potions of brilliance
 p - 2 potions of might
 s - a potion of magic
 t - 5 potions of resistance
 B - 11 potions of curing
 D - 2 potions of haste
 H - 3 potions of attraction
 J - a potion of cancellation
 T - 2 potions of invisibility


   Skills:
 + Level 16.1(21.1) Fighting
 + Level 18.9(23.9) Axes
 + Level 8.7(13.7) Throwing
 + Level 16.2(21.2) Armour
 - Level 12.5(17.5) Shields
 - Level 8.0 Invocations


You had 14 spell levels left.
You didn't know any spells.
Your spell library contained the following spells:

 Spells                   Type           Power      Damage    Failure   Level
 Apportation              Tloc           0%         N/A       67%         1
 Foxfire                  Conj/Fire      0%         2x1d4     67%         1
 Freeze                   Ice            0%         1d3       67%         1
 Necrotise                Necr           0%         1d4       67%         1
 Slow                     Hex            0%         N/A       67%         1
 Poisonous Vapours        Pois/Air       0%         N/A       80%         2
 Confusing Touch          Hex            0%         N/A       95%         3
 Conjure Flame            Conj/Fire      0%         6-21      95%         3
 Frozen Ramparts          Ice            0%         1d1       95%         3
 Inner Flame              Hex/Fire       0%         N/A       95%         3
 Vampiric Draining        Necr           0%         2d6       95%         3
 Corpse Rot               Necr/Pois/Air  0%         N/A       100%        4
 Dispel Undead            Necr           0%         3d6       100%        4
 Flame Wave               Conj/Fire      0%         2d4       100%        4
 Hailstorm                Conj/Ice       0%         3d3       100%        4
 Ice Form                 Ice/Tmut       0%         N/A       100%        4
 Passage of Golubria      Tloc           0%         N/A       100%        4
 Blade Hands              Tmut           0%         N/A       100%        5
 Yara's Violent Unravell  Hex/Tmut       0%         3d3       100%        5
 Conjure Ball Lightning   Conj/Air       0%         3x3d6     100%        6
 Iron Shot                Conj/Erth      0%         9d1       100%        6
 Orb of Destruction       Conj           0%         9d5       100%        7
 Discord                  Hex            0%         N/A       100%        8
 Disjunction              Tloc           0%         N/A       100%        8
 Summon Small Mammal      Summ           Unusable   N/A       N/A         1
 Summon Guardian Golem    Hex/Summ       Unusable   N/A       N/A         3
 Tukima's Dance           Hex            Unusable   N/A       N/A         3
 Animate Armour           Summ/Erth      Unusable   N/A       N/A         4
 Summon Ice Beast         Ice/Summ       Unusable   N/A       N/A         4
 Death Channel            Necr           Unusable   N/A       N/A         6
 Spellforged Servitor     Conj/Summ      Unusable   N/A       N/A         7

Dungeon Overview and Level Annotations

Branches:
Dungeon (15/15)            Temple (1/1) D:6            Lair (5/5) D:11
 Shoals (0/4) Lair:2       Spider (0/4) Lair:3        Slime (0/5) Lair:5
    Orc (2/2) D:10            Elf (0/3) Orc:2        Vaults (0/5) D:14
 Depths (0/4) D:15        Volcano (visited)

Altars:
Ashenzari
Cheibriados
Dithmenos
Elyvilon
Fedhas
Gozag
Hepliaklqana
Kikubaaqudgha
Makhleb
Nemelex Xobeh
Okawaru
Qazlal
Ru
Sif Muna
Trog
Uskayaw
Vehumet
Wu Jian
Xom
Yredelemnul
Zin
The Shining One
Jiyva

Shops:
D:1 *   D:10 (   D:14 *!   Orc:2 (!*[

Annotations:
D:4 Ijyb
D:8 1 runed translucent door, javelincjr's ghost, novice DsFE


Innate Abilities, Weirdness & Mutations

You have a pair of horns on your head.
You reflexively headbutt those who attack you in melee.
You are frail. (-10% HP)


Message History

The orc knight hits you from afar with a +0 bardiche!!
The orc warrior shoots a bolt.
The bolt closely misses you. The centaur barely misses you.
The centaur misses you.
You open the centaur like a pillowcase!!!
You kill the centaur!
Okawaru accepts your kill.
You slash the centaur! The orc knight barely misses you.
The orc warrior shoots a bolt.
The bolt hits you but does no damage. The centaur hits you.
The centaur misses you.
The orc warrior shoots a bolt.
The bolt hits you but does no damage. The centaur closely misses you.
The centaur kicks you but does no damage.
The orc warrior unwields a +0 arbalest.
The orc warrior wields a +0 broad axe.
The orc warrior closely misses you.
The orc warrior shoots a bolt.
The bolt hits you.
The orc knight hits you but does no damage.
Things that are here:
a +0 shortbow; a centaur corpse You open the centaur like a pillowcase!!!
You kill the centaur!
Okawaru accepts your kill.
You slice the orc warrior!!
You slice the orc warrior like a ripe choko!!!
You kill the orc warrior!
Okawaru accepts your kill.
The orc knight hits you from afar with a +0 bardiche!!
* * * LOW HITPOINT WARNING * * *
The orc shoots a bolt.
The bolt barely misses you.
The orc warrior shoots a bolt.
The bolt hits you but does no damage.
You feel much better.
The orc warrior shoots a bolt.
The bolt barely misses you.
The orc knight hits you from afar with a +0 bardiche!!!
* * * LOW HITPOINT WARNING * * *
The orc shoots a bolt.
The bolt closely misses you.
The orc warrior shoots a bolt.
The bolt hits you but does no damage.
You feel much better.
The centaur wields a +0 shortbow.
The centaur shoots an arrow.
The arrow hits you but does no damage.
The centaur wields a +0 shortbow.
The centaur shoots an arrow.
The arrow barely misses you.
The orc knight hits you from afar with a +0 bardiche!!
You die...

..........≈≈ ≈.....
........≈≈≈ ### ≈≈...
......≈≈≈≈ ##∩## ≈≈≈≈.
.....≈≈≈≈####.).####≈≈≈≈
..........)...∩.)))))...
....ococ......∩..)))))..
....o≈≈≈≈####...####≈≈≈≈
....oo≈≈≈≈####∩####≈≈≈≈.
....oo)@≈≈≈≈#####≈≈≈≈.).
......)...≈≈≈# #≈≈≈)....
#..........≈≈# #≈≈......
##..##..##...###...##..#
.... ..........)........
... ....................
## #######.##..##......
## #...#.....#
##.###...##


You could see an orc knight (strong), 4 orc warriors, 2 centaurs and 2 orcs.

Vanquished Creatures
  Saint Roka (Orc:2)
  Gastronok (Lair:3)
  A tentacled starspawn (Abyss:2)
  Nessos (Lair:3)
  Snorg (Lair:5)
  A dire elephant (D:15)
  3 fire dragons
  Fannar (Lair:1)
  7 hydras
  4 boulder beetles
  2 catoblepae
  4 centaur warriors
  A two-headed ogre (D:11)
  5 death yaks (Lair:4)
  An orc high priest (Orc:2)
  A tengu warrior (D:11)
  Urug (Lair:3)
  Sonja (Lair:3)
  2 wretched stars (Abyss:2)
  A fire crab (Lair:5)
  A sun demon (Abyss:2)
  Lodul (D:10)
  Pikel (D:7)
  5 lindwurms
  A deep elf archer (D:15)
  3 orc knights
  An orc sorcerer (Orc:2)
  4 deep elf pyromancers
  A wolf spider (D:15)
  An ugly thing (D:13)
  A salamander (D:15)
  A cyclops (D:15)
  5 manticores
  An oklob plant (Lair:4)
  11 elephants
  A stone giant skeleton (Abyss:2)
  9 black mambas
  Maurice (D:8)
  3 molten gargoyles (Lair:5)
  An apocalypse crab (Abyss:2)
  A guardian serpent (shapeshifter) (D:14)
  A large abomination (Abyss:2)
  A guardian serpent (Abyss:2)
  6 smoke demons
  2 gargoyles
  An orange demon (Abyss:2)
  18 cane toads
  An unseen horror (shapeshifter) (D:14)
  Maggie (Lair:1)
  Psyche (D:10)
  2 unseen horrors
  A kobold demonologist (D:12)
  2 efreet (D:13)
  4 rime drakes
  14 komodo dragons
  8 trolls
  A polar bear (Lair:2)
  2 hornets
  27 slime creatures
  20 blink frogs
  A snapping turtle (shapeshifter) (D:14)
  A jumping spider (Lair:3)
  A vampire (D:13)
  Sigmund (D:4)
  2 wraiths
  52 yaks
  A ynoxinul (Abyss:2)
  A neqoxec (Abyss:2)
  7 wyverns
  A redback (Lair:3)
  5 steam dragons
  6 basilisks
  7 vampire mosquitoes
  6 wargs
  An acid dragon (D:12)
  A naga (Abyss:2)
  8 hell hounds
  Duvessa (D:4)
  15 water moccasins
  2 sky beasts
  A swamp drake (D:10)
  2 ice beasts (D:5)
  11 ogres
  2 black bears
  37 orc warriors
  27 centaurs
  10 wolves (Lair:2)
  A lemure (D:7)
  2 kobold brigands
  16 bullfrogs
  2 gnoll sergeants
  A necrophage (D:8)
  3 scorpions
  5 wights
  Dowan (D:4)
  6 howler monkeys
  An electric eel (Lair:3)
  5 lava snakes (Lair:5)
  3 jellies
  9 orc priests
  2 hounds
  3 gnoll boudas
  Terence (D:3)
  2 iguanas
  21 orc wizards
  6 hell rats (Lair:5)
  3 small abominations (Abyss:2)
  6 adders
  20 gnolls
  A white imp (D:6)
  2 ufetubi
  2 dart slugs
  72 orcs
  4 bats
  8 endoplasms
  2 giant cockroaches (D:2)
  8 goblins
  9 hobgoblins
  4 jackals (D:1)
  5 quokkas
  9 ball pythons
  3 frilled lizards
  10 kobolds
  4 rats
679 creatures vanquished.

Vanquished Creatures (others)
  A centaur (Orc:2)
  52 fungi
  72 plants
  9 starspawn tentacles (Abyss:2)
134 creatures vanquished.

Grand Total: 813 creatures vanquished

Notes
Turn   | Place    | Note
-------+----------+-------------------------------------------
     0 | D:1      | cheesebisquit the Minotaur Fighter began the quest for the
                  | Orb.
     0 | D:1      | Reached XP level 1. HP: 19/19 MP: 0/0
   129 | D:1      | Found Wozyxep's Assorted Antiques.
   131 | D:1      | Reached XP level 2. HP: 27/27 MP: 1/1
   305 | D:1      | Reached skill level 3 in Axes
   505 | D:1      | Found a faded altar of an unknown god.
   877 | D:1      | Reached XP level 3. HP: 33/33 MP: 2/2
  2001 | D:3      | Reached XP level 4. HP: 21/40 MP: 3/3
  2262 | D:3      | Found a shadowy altar of Dithmenos.
  2333 | D:3      | Noticed Terence
  2344 | D:3      | Killed Terence
  2345 | D:3      | Reached skill level 4 in Axes
  2737 | D:4      | Reached XP level 5. HP: 17/47 MP: 4/4
  3293 | D:4      | Noticed Duvessa
  3293 | D:4      | Noticed Dowan
  3302 | D:4      | Killed Duvessa
  3303 | D:4      | Reached skill level 5 in Axes
  3305 | D:4      | Killed Dowan
  3306 | D:4      | Reached XP level 6. HP: 12/55 MP: 5/5
  3373 | D:4      | Noticed Sigmund
  3373 | D:4      | Noticed Ijyb
  3765 | D:4      | Reached skill level 5 in Shields
  3840 | D:5      | Entered Level 5 of the Dungeon
  3885 | D:4      | Killed Sigmund
  3886 | D:4      | Reached skill level 5 in Fighting
  3886 | D:4      | Reached skill level 5 in Armour
  4061 | D:5      | Noticed an ice beast
  4073 | D:5      | Killed an ice beast
  4074 | D:5      | Reached skill level 6 in Axes
  4074 | D:5      | Reached XP level 7. HP: 35/61 MP: 6/6
  4335 | D:5      | Found a stormy altar of Qazlal.
  4339 | D:5      | Identified the +2 helmet of Agoraphobia {Harm Dex+8 Stlth-}
  4470 | D:5      | Reached skill level 7 in Axes
  4763 | D:4      | Reached XP level 8. HP: 15/70 MP: 7/7
  5598 | D:5      | Found a sacrificial altar of Ru.
  5798 | D:5      | Reached skill level 8 in Axes
  6271 | D:6      | Found a blossoming altar of Fedhas.
  6361 | D:6      | Reached skill level 9 in Axes
  6713 | D:6      | Reached XP level 9. HP: 77/79 MP: 8/8
  6842 | D:6      | Found a staircase to the Ecumenical Temple.
  6849 | D:6      | Found a white marble altar of Elyvilon.
  6854 | Temple   | Entered the Ecumenical Temple
  6875 | Temple   | Became a worshipper of Warmaster Okawaru
  7450 | D:6      | Found an ancient bone altar of Kikubaaqudgha.
  7683 | D:6      | Found a hazy altar of Hepliaklqana.
  7717 | D:6      | Found a glowing silver altar of Zin.
  7844 | D:6      | Found a burning altar of Makhleb.
  8258 | D:7      | Reached skill level 10 in Axes
  8496 | D:7      | Found a snail-covered altar of Cheibriados.
  8571 | D:7      | Noticed Pikel
  8583 | D:7      | Killed Pikel
  9091 | D:8      | Reached * piety under Okawaru
  9124 | D:8      | Found a runed translucent door.
  9124 | D:8      | Noticed javelincjr's ghost (novice DsFE)
  9647 | D:8      | Noticed Maurice
  9836 | D:7      | Reached skill level 11 in Axes
 10063 | D:8      | Found a broken altar of Ashenzari.
 10082 | D:8      | Reached XP level 10. HP: 90/90 MP: 9/9
 10261 | D:8      | Killed Maurice
 10369 | D:8      | Reached ** piety under Okawaru
 10371 | D:8      | Paralysed by a hornet for 1 turns
 10375 | D:8      | Paralysed by a hornet for 3 turns
 10381 | D:8      | Reached skill level 1 in Invocations
 11462 | D:1      | Bought a potion of heal wounds for 150 gold pieces
 11462 | D:1      | Bought a potion of heal wounds for 150 gold pieces
 11462 | D:1      | Bought a scroll of enchant armour for 225 gold pieces
 11748 | D:9      | Identified the +1 chain mail "Hyxopp" {Regen+ Stlth+}
 12332 | D:9      | Found a basalt altar of Yredelemnul.
 12332 | D:9      | Found an ornate altar of the Wu Jian Council.
 12332 | D:9      | Found an opulent altar of Gozag.
 12594 | D:10     | Entered Level 10 of the Dungeon
 12727 | D:10     | Reached skill level 12 in Axes
 12876 | D:10     | Found a staircase to the Orcish Mines.
 12924 | D:10     | Noticed Lodul
 12937 | D:10     | Killed Lodul
 13114 | D:10     | Reached *** piety under Okawaru
 13117 | D:10     | Reached XP level 11. HP: 67/99 MP: 9/12
 13128 | D:10     | Noticed Psyche
 13134 | D:10     | Killed Psyche
 13244 | D:10     | Found Oghisen's Weapon Emporium.
 13330 | D:10     | Found a hide-covered altar of Uskayaw.
 13508 | D:10     | Found a shimmering blue altar of Sif Muna.
 13850 | D:11     | Reached skill level 13 in Axes
 13865 | D:11     | Found a staircase to the Lair.
 13937 | D:11     | Reached skill level 10 in Armour
 13952 | D:11     | Reached skill level 10 in Shields
 14122 | D:11     | Noticed a boulder beetle
 14131 | D:11     | Killed a boulder beetle
 14132 | D:11     | Reached skill level 10 in Fighting
 14136 | D:11     | Reached **** piety under Okawaru
 14307 | D:11     | Noticed a seven-headed hydra
 14329 | D:11     | Killed a seven-headed hydra
 14731 | D:11     | Noticed a two-headed ogre
 14741 | D:11     | Killed a two-headed ogre
 14992 | D:1      | Bought a scroll of teleportation for 90 gold pieces
 14992 | D:1      | Bought a potion of lignification for 90 gold pieces
 14992 | D:1      | Bought a potion of curing for 90 gold pieces
 14992 | D:1      | Bought 2 potions of curing for 180 gold pieces
 15547 | D:11     | Noticed a tengu warrior
 15555 | D:11     | Killed a tengu warrior
 15656 | D:11     | You fall into a shaft and drop 1 floor!
 15684 | D:12     | Noticed a boulder beetle
 15702 | D:12     | Killed a boulder beetle
 15703 | D:12     | Reached skill level 14 in Axes
 15886 | D:12     | Noticed a four-headed hydra
 15901 | D:12     | Killed a four-headed hydra
 15902 | D:12     | Reached skill level 5 in Invocations
 16635 | D:12     | Noticed a deep elf pyromancer
 16643 | D:12     | Killed a deep elf pyromancer
 16701 | D:12     | Noticed a deep elf pyromancer
 16707 | D:12     | Killed a deep elf pyromancer
 16707 | D:12     | Reached ***** piety under Okawaru
 16708 | D:12     | Reached skill level 1 in Throwing
 16708 | D:12     | Reached XP level 12. HP: 105/108 MP: 11/14
 16980 | D:12     | Received a gift from Okawaru
 17847 | Lair:1   | Entered Level 1 of the Lair of Beasts
 17855 | Lair:1   | Reached skill level 15 in Axes
 18074 | Lair:1   | Noticed Maggie
 18083 | Lair:1   | Killed Maggie
 18409 | Lair:1   | Noticed Fannar
 18426 | Lair:1   | Killed Fannar
 18426 | Lair:1   | Identified the +2 pair of gloves of Curiosity {Int+3 SInv}
                  | (Okawaru gifted it to you on level 1 of the Lair of Beasts)
 18426 | Lair:1   | Received a gift from Okawaru
 18765 | Lair:1   | Identified the +9 quarterstaff "Gaivelac" {venom, rPois rF-
                  | rCorr}
 19474 | D:1      | Bought a wand of flame (19) for 399 gold pieces
 19809 | Lair:2   | Noticed a catoblepas
 19889 | Lair:2   | Killed a catoblepas
 20116 | Lair:2   | Found a staircase to the Shoals.
 20134 | Lair:2   | Reached skill level 16 in Axes
 20134 | Lair:2   | Reached XP level 13. HP: 112/117 MP: 15/15
 20997 | Lair:3   | Noticed Urug
 21008 | Lair:3   | Killed Urug
 21055 | Lair:3   | Noticed Sonja
 21114 | Lair:3   | Reached skill level 5 in Throwing
 21281 | Abyss:2  | Found a corrupted altar of Lugonu.
 21281 | Abyss:2  | Cast into level 2 of the Abyss (Sonja)
 21290 | Abyss:2  | Noticed a tentacled starspawn
 21436 | Abyss:2  | Received a gift from Okawaru
 21549 | Abyss:2  | Noticed a tentacled starspawn
 21557 | Abyss:2  | Killed a tentacled starspawn
 21570 | Abyss:2  | Identified the +11 battleaxe of Ecso {speed, Str+5 Dex+4}
                  | (Okawaru gifted it to you on level 2 of the Abyss)
 21570 | Abyss:2  | Received a gift from Okawaru
 21588 | Abyss:2  | Gained mutation: You are frail. (-10% HP) [a neqoxec]
 21592 | Abyss:2  | Noticed a tentacled starspawn
 21815 | Abyss:2  | Reached skill level 17 in Axes
 21818 | Lair:3   | Escaped the Abyss
 21822 | Lair:3   | Killed Sonja
 21896 | Lair:3   | Noticed Nessos
 21916 | Lair:3   | Killed Nessos
 22195 | Lair:3   | Found a hole to the Spider Nest.
 22421 | Lair:3   | Noticed Gastronok
 22437 | Lair:3   | Killed Gastronok
 22437 | Lair:3   | Received a gift from Okawaru
 22801 | Lair:3   | Identified the +5 chain mail of Xaablay {Rampage Fly rN+
                  | Will-} (Okawaru gifted it to you on level 3 of the Lair of
                  | Beasts)
 22801 | Lair:3   | Received a gift from Okawaru
 23106 | Lair:4   | Reached XP level 14. HP: 116/116 MP: 17/17
 23441 | Lair:4   | Reached skill level 18 in Axes
 23748 | Lair:4   | Found a dark tunnel.
 23755 | Volcano  | Entered a volcano
 24425 | Lair:4   | Received a gift from Okawaru
 24450 | Lair:4   | Found a broken altar of Ashenzari.
 24791 | Lair:5   | Entered Level 5 of the Lair of Beasts
 24929 | Lair:5   | Noticed Snorg
 24949 | Lair:5   | Killed Snorg
 26184 | Lair:5   | Found a viscous altar of Jiyva.
 26184 | Lair:5   | Found a staircase to the Slime Pits.
 26608 | Lair:5   | Found a large runed translucent door.
 26615 | Lair:5   | Found a large runed translucent door.
 26660 | Lair:5   | Reached skill level 15 in Armour
 26664 | Lair:5   | Reached XP level 15. HP: 93/125 MP: 13/20
 26972 | Lair:5   | Reached skill level 15 in Fighting
 27012 | Lair:5   | Identified the +10 dagger of Trauma {holy, rN+ Will- Str+3}
 27429 | D:13     | Received a gift from Okawaru
 27880 | D:14     | Found Hejopowu's Fire Supplies.
 27973 | D:14     | Found a gate to the Vaults.
 28028 | D:14     | Found Hiesat's Distillery.
 28037 | D:14     | Bought a potion of invisibility for 112 gold pieces
 28037 | D:14     | Bought 2 potions of curing for 84 gold pieces
 28037 | D:14     | Bought a potion of heal wounds for 70 gold pieces
 28095 | D:14     | Identified the +5 whip of Corruption {freeze, +Blink}
 28254 | D:14     | Found a shadowy altar of Dithmenos.
 28463 | D:14     | Found an iron altar of Okawaru.
 28620 | D:15     | Entered Level 15 of the Dungeon
 28985 | D:15     | Received a gift from Okawaru
 28986 | D:15     | Found a staircase to the Depths.
 30507 | Orc:1    | Entered Level 1 of the Orcish Mines
 31143 | Orc:2    | Entered Level 2 of the Orcish Mines
 31143 | Orc:2    | Found a staircase to the Elven Halls.
 31320 | Orc:2    | Noticed Saint Roka
 32291 | Orc:2    | Killed Saint Roka
 32713 | Orc:2    | Found Hutobum's General Store.
 32713 | Orc:2    | Found Meluurof's Distillery.
 32713 | Orc:2    | Found Meezophe's Antique Weapon Boutique.
 32735 | Orc:2    | Found Gocsifu's Armour Emporium.
 32757 | Orc:2    | Slain by an orc knight

Illustrated notes

Levels and vault maps discovered:
D:1:      heliophobic_arrival_dark_side_of_the_moon, layout_loops_corners,
          serial_shops, nicolae_shop_trees,
          hellmonk_ecumenical_altar_crossroads, minmay_tetromino_s2
D:2:      layout_basic
D:3:      layout_basic, mainiacjoe_overflow_brackets, uniq_terence
D:4:      layout_basic, uniq_duvessa, uniq_sigmund, uniq_ijyb
D:5:      layout_gridville, nicolae_qazlal_general_emergency,
          nicolae_ru_awakened_eye
D:6:      layout_loops_corners, lemuel_round_altar,
          fedhas_bush_and_centaur_altar, lemuel_crystal_altar,
          mainiacjoe_overflow_six_doors_small, overflow_temple_1_default,
          lightli_temple_of_fire, minmay_temple_entry_grid
D:7:      layout_loops_corners, mainiacjoe_overflow_alcove_1,
          lightli_orcish_oven, uniq_pikel
D:8:      layout_cave_pools, old_standard_altar, ebering_ghost_inner_flame,
          minmay_misc_feat_diagonals, wad_rectangle_vault, uniq_maurice
D:9:      layout_roguey, gammafunk_temple_overflow_claw
D:10:     layout_roguey, nicolae_sif_muna_condensation, lemuel_tele_altar,
          erik_orc_1, serial_shops, nicolae_shop_crystal, uniq_lodul,
          uniq_psyche
D:11:     layout_grid_maze, due_lair_maze_entry_diamond, serial_park_tiny_pond,
          corner_web_ring
D:12:     layout_irregular_city
D:13:     layout_long_grid
D:14:     layout_gridville, david_vaults_2, lemuel_crystal_altar, serial_shops,
          shop, nicolae_shop_fire_sale [nicolae_sub_dead_trees],
          nicolae_dithmenos_the_darkroom
D:15:     hangedman_depths_entry_try_elsewhere_first, layout_gridville,
          amcnicky_mini_rare_corridor_liquid
Temple:   hellmonk_temple_flake
Lair:1:   layout_long_grid, beast_lair_carwin_5, infiniplex_staircase_pool_2,
          uniq_fannar, uniq_maggie
Lair:2:   layout_layer_cave, elwin_shoals_entry_rocks
Lair:3:   layout_gridlike, spider_nest_entry_funnel_web,
          infiniplex_staircase_pool, grunt_megastairs_1, uniq_urug, uniq_nessos,
          uniq_sonja, uniq_gastronok
Lair:4:   layout_cave_pods, nicolae_volcano_entry_s_turn,
          chequers_serial_rivers_micro_c, st_stairs_8, lemuel_oklob_altar,
          grunt_megastairs_3
Lair:5:   cheibrodos_lair_end_hotspot, layout_gridlike, slime_entry_1,
          uniq_snorg
Orc:1:    cheibrodos_orc_guarddog, layout_diamond_mine
Orc:2:    st_orc_rangers, layout_caves, basic_altar, uniq_saint_roka

Skill      XL: |  1  2  3  4  5  6  7  8  9 10 11 12 13 14 15 |
---------------+----------------------------------------------+-----
Axes           | 3 4 5 6 7 9 11 12 14 16 17 18 | 18.9
Armour         | 4 5 6 7 8 9 10 11 13 15 16 | 16.2
Fighting       | 4 5 6 7 8 9 10 11 13 14 16 | 16.1
Shields        | 4 5 6 7 8 9 10 11 12 | 12.5
Invocations    | 3 5 6 8 |  8.0
Throwing       | 1 4 5 6 8 |  8.7

Action                   |  1- 3 |  4- 6 |  7- 9 | 10-12 | 13-15 || total
-------------------------+-------+-------+-------+-------+-------++-------
Melee: War axe           |    75 |    88 |   212 |   557 |    84 ||  1016
       Headbutt          |     9 |    11 |    40 |   137 |   219 ||   416
       Flail             |       |       |       |    30 |     7 ||    37
       Unarmed           |       |       |       |     3 |       ||     3
       Battleaxe         |       |       |       |       |   745 ||   745
       Broad axe         |       |       |       |       |    67 ||    67
       Great mace        |       |       |       |       |    25 ||    25
Throw: Dart              |       |     4 |     2 |       |       ||     6
       Stone             |       |     1 |     4 |     2 |     4 ||    11
       Boomerang         |       |       |       |    39 |       ||    39
Invok: Heroism           |       |       |       |    29 |    38 ||    67
       Finesse           |       |       |       |       |    18 ||    18
Evoke: Wand              |       |       |     2 |     9 |       ||    11
  Use: Potion            |       |     1 |     4 |     6 |     5 ||    16
       Scroll            |       |     8 |     9 |     8 |     7 ||    32
 Stab: Invisible         |       |       |     1 |       |       ||     1
Armor: Scale mail        |    36 |    32 |    63 |    16 |       ||   147
       Plate armour      |       |       |       |   284 |   189 ||   473
       Skin              |       |       |       |     7 |       ||     7
       Chain mail        |       |       |       |       |   401 ||   401
Dodge: Dodged            |    41 |    35 |    78 |   145 |   357 ||   656
Block: Buckler           |    17 |     9 |    43 |    82 |       ||   151
       Kite shield       |       |       |       |   128 |    89 ||   217
